 Dungeon Crawl Stone Soup version 0.31.0-32-g396128a36d (webtiles) character file.

Game seed: 11315725093506857232

1529 booth the Chopper (level 8, -13/64 HPs)
             Began as a Demonspawn Monk on Mar 10, 2024.
             Killed from afar by a gargoyle (27 damage)
             ... with a stone arrow
             ... on level 7 of the Dungeon.
             The game lasted 00:26:40 (6195 turns).

booth the Chopper (Demonspawn Monk)                 Turns: 6195, Time: 00:26:40

Health: -13/64     AC: 18    Str: 13    XL:     8   Next: 55%
Magic:  8/8        EV: 14    Int: 12    God:
Gold:   139        SH:  0    Dex: 15    Spells: 7/7 levels left

rFire   + . .        a - +0 hand axe (drain)
rCold   + . .        (no shield)
rNeg    . . .        y - +2 robe {rC+ rF+}
rPois   .            b - +1 helmet
rElec   .            A - +1 cloak {rCorr}
rCorr   +            j - +1 pair of gloves
SInv    .            F - +0 pair of boots
Will    .....        (no amulet)
Stlth   +            f - +4 ring of protection
HPRegen 0.30/turn    (no ring)
MPRegen 0.11/turn

%: no passive effects
@: about to teleport
A: molten scales 2, spiny 1, demonic magic 1
a: no special abilities


You were on level 7 of the Dungeon.
You visited 2 branches of the dungeon, and saw 8 of its levels.

You collected 412 gold pieces.
You spent 273 gold pieces at shops.

Inventory:

Hand Weapons
 a - a +0 hand axe of draining (weapon)
 n - a +0 mace
Missiles
 e - 5 datura-tipped darts
 h - 7 curare-tipped darts
 t - a boomerang (quivered)
 w - 5 poisoned darts
Armour
 b - a +1 helmet (worn)
 d - an orb of light
 j - a +1 pair of gloves (worn)
 o - a +0 leather armour
 y - a +2 robe of resistance (worn)
 A - a +1 cloak of preservation (worn)
 D - a +2 chain mail of cold resistance
 F - a +0 pair of boots (worn)
Jewellery
 f - a +4 ring of protection (left hand)
 x - a +6 ring of intelligence
Wands
 B - a wand of iceblast (11)
 C - a wand of flame (21)
Scrolls
 r - 4 scrolls of vulnerability
 s - 2 scrolls of immolation
 u - 2 scrolls of teleportation
 z - a scroll of enchant weapon {unknown}
 E - a scroll of brand weapon
 G - a scroll of blinking
 J - a scroll of amnesia {unknown}
Potions
 c - 2 potions of ambrosia
 g - 2 potions of mutation
 k - a potion of invisibility
 l - 3 potions of berserk rage
 m - 2 potions of curing
 p - a potion of attraction {unknown}
 q - a potion of lignification {unknown}
 v - a potion of brilliance {unknown}
 H - a potion of degeneration {unknown}
 I - a potion of haste {unknown}


   Skills:
 + Level 6.2 Fighting
 * Level 7.4 Axes
 + Level 5.6 Dodging


You had 7 spell levels left.
You didn't know any spells.
Your spell library contained the following spells:

 Spells                   Type           Power      Damage    Failure   Level
 Cigotuvi's Dreadful Rot  Necr/Alch/Air  0%         N/A       45%         2
 Inner Flame              Hex/Fire       0%         N/A       69%         3
 Dispel Undead            Necr           0%         3d6       97%         4
 Martyr's Knell           Necr/Summ      0%         N/A       97%         4
 Irradiate                Conj/Alch      0%         3d11      100%        5
 Death Channel            Necr           0%         N/A       100%        6
 Ignition                 Fire           0%         3d3       100%        8


Dungeon Overview and Level Annotations

Branches:
Dungeon (7/15)             Temple (1/1) D:7

Altars:
Cheibriados
Dithmenos
Fedhas
Gozag
Hepliaklqana
Kikubaaqudgha
Nemelex Xobeh
Qazlal
Ru
Trog
Uskayaw
Xom
Yredelemnul
Lugonu

Shops:
D:1 [(*[!


Innate Abilities, Weirdness & Mutations

You are mostly covered in molten scales. (AC +3)
You are partially covered in sharp spines.
Spells you cast may paralyse adjacent enemies.


Message History

Found a staircase back to the Dungeon.
There is a staircase back to the Dungeon here.
You start resting.
HP restored.
Okay, then.
You climb upwards.
Welcome back to the Dungeon!
There is a staircase to the Ecumenical Temple here.
You now have enough gold to buy a dyed leather armour on D:1.
You can access your shopping list by pressing '$'.
You now have 139 gold pieces (gained 10).
The gargoyle hurls a stone arrow at you.
The stone arrow hits you!! The gargoyle closely misses you.
The gargoyle hits you but does no damage.
You hit the gargoyle but do no damage. The gargoyle hits you with a +0 mace!
You hit the gargoyle but do no damage.
The gargoyle hurls a stone arrow at you.
The stone arrow hits you!!
* * * LOW HITPOINT WARNING * * *
You feel better. The gargoyle hits you with a +0 mace!
* * * LOW HITPOINT WARNING * * *
Blink to where?
Press: ? - help, Dir - move target, f - you
Okay, then.
As you read the scroll of teleportation, it crumbles to dust.
You feel strangely unstable. The gargoyle closely misses you.
The shadow imp hits you.
* * * LOW HITPOINT WARNING * * *
The shadow imp hits you but does no damage.
You closely miss the gargoyle. You closely miss the shadow imp.
The shadow imp is struck by your spines.
The shadow imp hits you but does no damage.
The gargoyle hurls a stone arrow at you.
The stone arrow misses you.
You hit the gargoyle but do no damage.
You hit the shadow imp but do no damage.
The shadow imp hits you but does no damage.
The gargoyle hurls a stone arrow at you.
The stone arrow hits you!!
You die...

.......# #.# #.. #...##.# #.#
#... #...##.# #)# #...
##...##.# #)#
#.#.#####....##.# #)#
#............##<# #.#####.#
#..#.#.#.#.#.##)#####.......#
#..............95.....#######
##.#.......#...@........#
#.............#......#.#
#.#...>.).#.###......#.#
#...........# #......#.#
....#.......#.# #......#.#
##............##..######.#
##.#.#.#.#.#....## #.#
#...........### #.#
##.####.##### #.########


You could see a gargoyle and a shadow imp.

Vanquished Creatures
  A wyvern (D:7)
  A water moccasin (D:7)
  2 orc warriors
  A sky beast (D:6)
  A gnoll sergeant (D:7)
  A necrophage (D:4)
  A scorpion (D:5)
  4 wights (D:4)
  A howler monkey (D:4)
  A bullfrog zombie (D:4)
  A jelly (D:5)
  An orc priest (D:7)
  A human zombie (D:4)
  2 hounds
  A sleepcap (D:5)
  2 iguanas
  A scorpion zombie (D:4)
  An orc wizard (D:5)
  2 hound zombies (D:4)
  A mummy (D:4)
  8 gnolls
  5 adders
  A shadow imp (D:5)
  3 white imps
  An adder zombie (D:4)
  3 ribbon worms
  10 orcs
  4 ball pythons
  9 bats
  8 endoplasms
  3 giant cockroaches
  8 goblins
  6 hobgoblins
  6 kobolds
  4 quokkas
  3 frilled lizards (D:1)
  6 rats
  A spectral kobold (D:5)
116 creatures vanquished.

Notes
Turn   | Place    | Note
-------+----------+-------------------------------------------
     0 | D:1      | booth the Demonspawn Monk began the quest for the Orb.
     0 | D:1      | Reached XP level 1. HP: 18/18 MP: 1/1
    78 | D:1      | Found Woica's Distillery.
   197 | D:1      | Gained mutation: You are partially covered in molten
                  | scales. (AC +2) [demonic ancestry]
   197 | D:1      | Reached XP level 2. HP: 24/24 MP: 2/2
   327 | D:1      | Reached skill level 3 in Axes
   335 | D:1      | Found Rausyhut's Weapon Shoppe.
   446 | D:1      | Found Jatroyby's Antique Armour Shop.
   546 | D:1      | Found Etunwiol's Antique Armour Shoppe.
   554 | D:1      | Found Huyrorra's General Store.
   832 | D:2      | Gained mutation: You are mostly covered in molten scales.
                  | (AC +3) [demonic ancestry]
   832 | D:2      | Reached XP level 3. HP: 27/29 MP: 3/3
  1644 | D:1      | Bought a scroll of identify for 28 gold pieces
  1673 | D:1      | Bought a potion of heal wounds for 50 gold pieces
  2046 | D:3      | Found a faded altar of an unknown god.
  2098 | D:3      | Reached XP level 4. HP: 36/36 MP: 4/4
  2167 | D:3      | You fall into a shaft and drop 1 floor!
  2512 | D:3      | Found an ancient bone altar of Kikubaaqudgha.
  2523 | D:3      | Reached skill level 4 in Axes
  2662 | D:4      | Gained mutation: You are partially covered in sharp spines.
                  | [demonic ancestry]
  2662 | D:4      | Reached XP level 5. HP: 42/42 MP: 5/5
  2909 | D:1      | Bought a glowing cloak for 195 gold pieces
  3346 | D:4      | Found a basalt altar of Yredelemnul.
  3361 | D:4      | Gained mutation: Spells you cast may paralyse adjacent
                  | enemies. [demonic ancestry]
  3361 | D:4      | Reached XP level 6. HP: 41/49 MP: 6/6
  3512 | D:4      | Reached skill level 5 in Axes
  3677 | D:4      | Reached XP level 7. HP: 55/55 MP: 7/7
  3743 | D:5      | Entered Level 5 of the Dungeon
  3764 | D:5      | Reached skill level 5 in Fighting
  3820 | D:5      | Reached skill level 6 in Axes
  4041 | D:5      | Found a shimmering altar of Xom.
  4182 | D:5      | Found a hazy altar of Hepliaklqana.
  5148 | D:6      | Reached skill level 5 in Dodging
  5172 | D:6      | Reached XP level 8. HP: 62/63 MP: 8/8
  5742 | D:7      | Found a snail-covered altar of Cheibriados.
  5914 | D:7      | Reached skill level 7 in Axes
  6013 | D:7      | Found a staircase to the Ecumenical Temple.
  6015 | D:7      | Noticed a gargoyle
  6086 | Temple   | Entered the Ecumenical Temple
  6195 | D:7      | Killed from afar by a gargoyle

Illustrated notes

Levels and vault maps discovered:
D:1:      psy_arrival_basics, layout_loops_cross, serial_shops, shop, shop,
          nicolae_shop_statue_plus, nicolae_shop_bloodbath_and_beyond,
          nicolae_shop_just_a_little_nook, minmay_pentomino_x2
D:2:      layout_basic, chequers_serial_rivers_small_a
D:3:      layout_basic, amcnicky_altar_gilded, chequers_ecumenical_altar_simple
D:4:      layout_cave_pools, lemuel_doored_altar,
          lemuel_mausoleum_altar_yredelemnul
D:5:      layout_basic, xom_butterflies, nicolae_hepliaklqana_monster_ancestors
D:6:      layout_basic, interstate_on_off
D:7:      layout_basic, mainiacjoe_overflow_24_doors, general_overflow_altar,
          mainiacjoe_overflow_tiny_flanked, minmay_temple_entry_glass,
          uniq_pikel
Temple:   kb_corrupted_temple

Skill      XL: |  1  2  3  4  5  6  7  8 |
---------------+-------------------------+-----
Axes           | 3 4 5 6 7 |  7.4
Dodging        | 3 4 5 |  5.6
Fighting       | 4 5 6 |  6.2

Action                     |  1- 3 |  4- 6 |  7- 9 || total
---------------------------+-------+-------+-------++-------
  Melee: Hand axe          |   107 |   144 |   168 ||   419
         Punch             |       |       |     3 ||     3
  Throw: Boomerang         |       |       |    27 ||    27
    Use: Scroll            |     5 |     3 |     5 ||    13
         Potion            |       |     1 |     4 ||     5
 Armour: Robe              |    43 |    78 |    99 ||   220
  Dodge: Dodged            |    58 |    92 |   102 ||   252
